 Dungeon Crawl Stone Soup version 0.29.0-13-gc9e81de378 (webtiles) character file.

Game seed: 1636100633118046687

13 sentinel the Digger (level 2, -5/20 HPs)
             Began as a Meteoran Earth Elementalist on Sept 9, 2022.
             Slain by an iguana (12 damage)
             ... on level 4 of the Dungeon.
             The game lasted 00:01:15 (301 turns).

sentinel the Digger (Meteoran Earth Elementalist)    Turns: 301, Time: 00:01:16

Health: -5/20      AC:  7    Str:  9    XL:     2   Next: 70%
Magic:  2/6        EV: 12    Int: 16    God:
Gold:   0          SH:  0    Dex: 14    Spells: 3/6 levels left

rFire   . . .      SeeInvis .   d - staff of cold {!a}
rCold   + . .      Faith    .   (no shield)
rNeg    . . .      Spirit   .   a - +0 robe
rPois   .          Reflect  .   (no helmet)
rElec   .          Harm     .   (no cloak)
rCorr   .          Rampage  .   j - +0 pair of gloves
Will    .....                   (no boots)
Stlth   +.........              (no amulet)
HPRegen 0.06/turn               p - +4 ring of protection
MPRegen 0.10/turn               (no ring)

@: glowing
A: sense surroundings 1, otherworldly, glowing, explore regen
a: no special abilities


You were on level 4 of the Dungeon.
You visited 1 branch of the dungeon, and saw 4 of its levels.

Inventory:

Armour
 a - a +0 robe (worn)
 j - a +0 pair of gloves (worn)
Magical Staves
 d - a staff of cold (weapon) {!a}
Jewellery
 p - a +4 ring of protection (left hand)
Scrolls
 e - a scroll of poison {unknown}
 f - 2 scrolls of identify {unknown}
 k - a scroll of summoning {unknown}
Potions
 b - a potion of magic
 c - a potion of brilliance {unknown}
 g - a potion of lignification {unknown}
 h - a potion of might {unknown}
 i - a potion of invisibility {unknown}
 l - 2 potions of curing {unknown}
 m - a potion of heal wounds {unknown}


   Skills:
 - Level 2.4 Dodging
 - Level 1.4 Stealth
 - Level 2.6 Spellcasting
 - Level 1.2 Transmutations
 + Level 4.5 Earth Magic


You had 3 spell levels left.
You knew the following spells:

 Your Spells              Type           Power      Damage    Failure   Level
a - Sandblast             Erth           32%        2d9       3%          1
c - Passwall              Tmut/Erth      9%         N/A       9%          2

Your spell library contained the following spells:

 Spells                   Type           Power      Damage    Failure   Level
 Beastly Appendage        Tmut           12%        N/A       12%         1
 Foxfire                  Conj/Fire      8%         2x1d4     19%         1
 Wereblood                Tmut           6%         N/A       19%         2
 Stone Arrow              Conj/Erth      18%        3d8       22%         3
 Spider Form              Tmut/Pois      4%         N/A       41%         3
 Conjure Flame            Conj/Fire      2%         6-21      50%         3
 Inner Flame              Hex/Fire       2%         N/A       50%         3
 Petrify                  Tmut/Erth      11%        N/A       52%         4
 Flame Wave               Conj/Fire      2%         2d4       88%         4


Dungeon Overview and Level Annotations

Branches:
Dungeon (4/15) Zot: 2090   Temple (0/1) D:4

Altars:


Innate Abilities, Weirdness & Mutations

You passively map a small area around you.
You are easily found by Zot.
You glow in the dark.
You regain HP and MP as you explore.


Message History

Found a bubbling blue potion and a silvery potion.
Found a stone staircase leading up.
You see here a +0 ring mail.
An endoplasm comes into view.
You see here a bubbling blue potion.
A frilled lizard comes into view.
The endoplasm quivers.
The frilled lizard hisses angrily.
You see here a bubbling blue potion.
h - a bubbling blue potion The blast of sand hits the endoplasm!
You kill the endoplasm!
The blast of sand hits the frilled lizard!
You kill the frilled lizard!
You can't see any susceptible monsters within range! (Use Z to cast anyway.)
You can't see any susceptible monsters within range! (Use Z to cast anyway.)
i - a silvery potion
Found 5 stones.
There is a stone staircase leading up here.
You climb upwards.
Found a pair of gloves.
There is a stone staircase leading down here.
You climb downwards.
There is a stone staircase leading up here.
You climb upwards.
There is a stone staircase leading down here.
Found a book of Flames.
Found a club.
Found a stone staircase leading down.
You see here a +0 pair of gloves.
You start putting on your armour.
You continue putting on your +0 pair of gloves. x4
You finish putting on your +0 pair of gloves.
You pick up a book of Flames and begin reading...
You add the spells Foxfire, Conjure Flame, Inner Flame and Flame Wave to your library.
You see here a +0 club.
Unknown command.
There is a stone staircase leading down here.
You climb downwards.
Found a book of Changes and 16 gold pieces.
Found a stone staircase leading down.
There is a stone staircase leading up here.
You pick up a book of Changes and begin reading...
You add the spells Beastly Appendage, Wereblood and Spider Form to your library.
There is a stone staircase leading down here.
You climb downwards.
The kobold shouts!
Found a scroll labelled HOIVYDEGUA and a leather armour.
There is a stone staircase leading up here.
The blast of sand hits the kobold!
You kill the kobold!
You can't see any susceptible monsters within range! (Use Z to cast anyway.)
You can't see any susceptible monsters within range! (Use Z to cast anyway.)
k - a scroll labelled HOIVYDEGUA You see here a +0 leather armour.
Found 10 gold pieces.
Found 7 gold pieces.
A bat comes into view.
A bat is nearby!
A bat is nearby!
The blast of sand misses the bat.
The bat hits you but does no damage.
The blast of sand misses the bat.
The bat hits you but does no damage. x2
The bat hits you but does no damage. x2
The bat completely misses you.
The blast of sand hits the bat!
You kill the bat!
You can't see any susceptible monsters within range! (Use Z to cast anyway.)
Found 7 gold pieces.
Found a stone staircase leading down.
Found a stone staircase leading up and a stone staircase leading down.
Found 5 stones.
There is a stone staircase leading down here.
Found a metallic grey potion.
A goblin comes into view. It is wielding a +0 club.
The goblin moves out of view.
A ball python comes into view.
There is a stone staircase leading up here.
Unknown command.
The blast of sand hits the ball python!
You kill the ball python!
The blast of sand hits the goblin!
You kill the goblin!
You can't see any susceptible monsters within range! (Use Z to cast anyway.)
You can't see any susceptible monsters within range! (Use Z to cast anyway.)
You can't see any susceptible monsters within range! (Use Z to cast anyway.)
You climb upwards.
Magic restored.
Found a leather armour, a hand axe and a scroll labelled LOOLES VAWK.
There is a stone staircase leading down here.
Found a fuming amethyst potion.
A bat comes into view.
The bat hits you but does no damage.
You see here a scroll labelled LOOLES VAWK.
The blast of sand hits the bat!
You kill the bat!
You can't see any susceptible monsters within range! (Use Z to cast anyway.)
f - 2 scrolls labelled LOOLES VAWK (gained 1)
Found 12 gold pieces.
l - a fuming amethyst potion
There is a stone staircase leading down here.
You climb downwards.
There is a stone staircase leading up here.
Things that are here:
a +0 club; a goblin corpse
Found a fuming amethyst potion.
m - a metallic grey potion
l - 2 fuming amethyst potions (gained 1)
There is a stone staircase leading down here.
You climb downwards.
Found 12 gold pieces.
There is a stone staircase leading up here.
There is a stone staircase leading up here.
You climb upwards.
There is a stone staircase leading down here.
There is a stone staircase leading down here.
You climb downwards.
There is a stone staircase leading up here.
An iguana comes into view.
The iguana hisses angrily.
You hear a shout! x2
An orc and a giant cockroach come into view.
The orc shouts!
You hear a shout!
A hobgoblin comes into view.
Casting: Sandblast (safe; 3% risk of failure)
Confirm with . or Enter, or press ? or * to list all spells.
You don't know that spell.
Unknown command.
Unknown command.
You miscast Sandblast.
You are very lightly contaminated with residual magic.
Nothing appears to happen.
An orc wizard comes into view. It is wielding a +0 dagger.
Okay, then.
The blast of sand hits the iguana.
The iguana is lightly wounded.
The orc wizard points at you and mumbles some strange words.
The magic dart hits you.
The orc wizard mumbles some strange words.
The orc wizard flickers and vanishes!
Deactivating autopickup; reactivate with Ctrl-A.
The blast of sand hits the iguana.
The iguana is heavily wounded.
The iguana misses you.
The blast of sand hits the iguana.
The iguana is severely wounded.
The giant cockroach barely misses you. The iguana bites you!
Ouch! That really hurt!
The giant cockroach bites you but does no damage.
The iguana closely misses you.
Your magical contamination has completely faded away.
The iguana attacks as you move away! The iguana bites you!
Ouch! That really hurt!
You die...

, #.... * ..##.. *
, *#.... ,...... ,
* .#..#.**#..... ,
, , ......# ....#
, , ,,.......*...#
. , .###...#...#
.. ,
.......<.######..
........##.....#
....#...@#.....#..
, ...
#...Bl........ #
##....g....#. , ,
#..........# , ,
#.............., >
* ,
.............#.. ,
,..............# .
,,
............#... ,
, ,
......##.#####..
,,,


You could see an iguana, a giant cockroach and a hobgoblin.

Vanquished Creatures
  A dart slug (D:1)
  An endoplasm (D:2)
  2 goblins
  3 ball pythons
  3 bats
  A frilled lizard (D:2)
  A kobold (D:3)
  A rat (D:1)
13 creatures vanquished.

Notes
Turn   | Place    | Note
-------+----------+-------------------------------------------
     0 | D:1      | sentinel the Meteoran Earth Elementalist began the quest
                  | for the Orb.
     0 | D:1      | Reached XP level 1. HP: 14/14 MP: 5/5
    47 | D:1      | Reached skill level 4 in Earth Magic
    72 | D:2      | Reached XP level 2. HP: 20/20 MP: 4/6
    78 | D:2      | Learned a level 2 spell: Passwall
   301 | D:4      | Slain by an iguana

Illustrated notes

Levels and vault maps discovered:
D:1:      tarquinn_simple_flora_water_d, layout_loops_ring,
          hellmonk_ecumenical_altar_watching_god
D:2:      minmay_recursive_quarters, layout_basic, basic_altar
D:3:      layout_loops_ring, chequers_serial_rivers_small_3
D:4:      minmay_skewed_foursquare, layout_cave_pools,
          minmay_temple_entry_large_hall

Skill      XL: |  1 |
---------------+----+-----
Earth Magic    | 4 |  4.5
Dodging        | |  2.4
Stealth        | |  1.4
Spellcasting   | |  2.6
Transmutations | |  1.2

Action                   || total
-------------------------++-------
 Cast: Sandblast         ||    19
Armor: Robe              ||     7
Dodge: Dodged            ||     6
